 Dungeon Crawl Stone Soup version 0.28.0-45-g0d030f2227 (webtiles) character file.

Game seed: 7429741376497674866

25 Descartes the Grasshopper (level 2, -8/13 HPs)
             Began as a Felid Warper on Apr 18, 2022.
             Mangled by a goblin
             ... wielding a +1 dagger of electrocution
              (17 damage)
             ... on level 2 of the Dungeon.
             The game lasted 00:01:13 (1586 turns).

Descartes the Grasshopper (Felid Warper)            Turns: 1586, Time: 00:01:13

Health: -8/13      AC:  1    Str:  7    XL:     2   Next: 86%
Magic:  6/6        EV: 17    Int: 14    God:
Gold:   54         SH:  0    Dex: 15    Spells: 3/5 levels left
                                        Lives:  0   Deaths: 0

rFire   . . .      SeeInvis +     - Unarmed
rCold   . . .      Faith    .   (shield unavailable)
rNeg    . . .      Spirit   .   (armour unavailable)
rPois   .          Reflect  .   (helmet unavailable)
rElec   .          Harm     .   (cloak unavailable)
rCorr   .          Rampage  .   (gloves unavailable)
Will    .....                   (boots unavailable)
Stlth   +.........              (no amulet)
HPRegen 0.04/turn               e - ring of wizardry
MPRegen 0.10/turn               (no ring)

@: quick
A: very small, claws 1, fangs 3, see invisible, speed 1, shaggy fur 1, stealthy
paws, no weapons or thrown items, no armour, multi-lived
a: no special abilities


You were on level 2 of the Dungeon.
You visited 1 branch of the dungeon, and saw 2 of its levels.

You collected 54 gold pieces.

Inventory:

Missiles
 c - 96 stones
Jewellery
 e - a ring of wizardry (left paw)
Scrolls
 a - a scroll of blinking
Potions
 b - a potion of might {unknown}
 d - 2 potions of heal wounds {unknown}


   Skills:
 - Level 2.0 Fighting
 - Level 3.2 Dodging
 + Level 3.4 Unarmed Combat
 - Level 2.0 Spellcasting
 - Level 4.4 Translocations


You had 3 spell levels left.
You knew the following spells:

 Your Spells              Type           Power      Damage    Failure   Level
a - Blink                 Tloc           26%        N/A       2%          2

Your spell library contained the following spells:

 Spells                   Type           Power      Damage    Failure   Level
 Gell's Gravitas          Tloc           13%        N/A       4%          3
 Lesser Beckoning         Tloc           13%        N/A       4%          3
 Teleport Other           Tloc           13%        N/A       4%          3
 Manifold Assault         Tloc           13%        N/A       38%         5


Dungeon Overview and Level Annotations

Branches:
Dungeon (2/15)

Altars:


Innate Abilities, Weirdness & Mutations

You have sharp claws.
You have razor-sharp teeth.
You have supernaturally acute eyesight. (SInv)
You cover ground quickly. (Speed+)
You are covered in fur. (AC +1)
Your paws help you pounce on unaware monsters.
You are incapable of wielding weapons or throwing items.
You cannot wear armour.
You gain extra lives every three experience levels.


Message History

The bat hits you but does no damage.
You claw the bat!
You kill the bat!
No target in view!
No target in view!
No target in view!
No target in view!
No target in view!
No target in view!
No target in view!
No target in view!
No target in view!
No target in view!
A goblin comes into view. It is wielding a +0 club.
The goblin shouts!
You see here a bat corpse.
The goblin closely misses you.
You scratch the goblin.
You kill the goblin!
No target in view!
No target in view!
No target in view!
No target in view!
No target in view!
No target in view!
No target in view!
No target in view!
No target in view!
You see here a +0 club.
A bat comes into view.
A hobgoblin comes into view.
The hobgoblin shouts!
Found 20 stones.
A quokka comes into view.
A goblin comes into view.
It is wielding a +1 dagger of electrocution.
The goblin shouts!
The goblin hits you with a +1 dagger of electrocution.
You are electrocuted!
Ouch! That really hurt!
You die...

#.# #)# #.##
#..# ##.# #.#
###.# ##.#.#
#..@.#
+....gg.......
#.##..br...###
#.......#
#.......#
#....(..#
#.......#
#.......#


You could see a quokka, a hobgoblin, a goblin and a bat.

Vanquished Creatures
  4 bats
  2 endoplasms (D:1)
  3 giant cockroaches (D:1)
  5 goblins
  2 hobgoblins
  3 ball pythons (D:1)
  A frilled lizard (D:1)
  4 rats
24 creatures vanquished.

Notes
Turn   | Place    | Note
-------+----------+-------------------------------------------
     0 | D:1      | Descartes the Felid Warper began the quest for the Orb.
     0 | D:1      | Reached XP level 1. HP: 9/9 MP: 4/4
   650 | D:1      | Reached XP level 2. HP: 13/13 MP: 6/6
   758 | D:1      | Learned a level 2 spell: Blink
  1384 | D:1      | Found a faded altar of an unknown god.
  1586 | D:2      | Mangled by a goblin

Illustrated notes

Levels and vault maps discovered:
D:1:      dpeg_arrival_round_c, layout_basic,
          shapermc_ecumenical_altar_mp_highgroup, minivault_27
D:2:      layout_loops_corners

Skill      XL: |  1  2 |
---------------+-------+-----
Unarmed Combat | 3 |  3.4
Fighting       | |  2.0
Dodging        | |  3.2
Spellcasting   | |  2.0
Translocations | |  4.4

Action                   || total
-------------------------++-------
Melee: Unarmed           ||    53
       Bite              ||     1
       Punch             ||     1
 Stab: Sleeping          ||     2
Armor: Skin              ||     2
Dodge: Dodged            ||    38
